AoeStats.net
1018 live
← back

Nomad

503581663Analyzed
1v1 RM · 1d ago on Sep 1, 2026· 83m 10s· 2 players
Game mode
Random Map
Map size
126×126
Population
200
Speed
Normal
Resources
Standard
Victory
Conquest
Starting age
Dark Age
Ending age
Imperial Age
RankedLock teamsTeams togetherTeam positionsShared explorationLock speedFull tech treeHidden civsTurbo modeCheats
Victory
Defeat
🇦🇺 Khmer · Australia
237
+22
🇨🇿 Magyars · Czechia
363
-22
Blacktown Lad
14:06 Feudal Age
16:09 Wheelbarrow
15:24 Double-Bit Axe
16:38 Horse Collar
20:06 Scale Barding Armor
20:12 Forging
24:15 Castle Age
22:49 Stone Mining
25:46 Hand Cart
25:47 Husbandry
25:08 Light Cavalry
26:07 Gold Mining
28:01 Gold Shaft Mining
30:23 Chain Barding Armor
30:39 Iron Casting
32:40 Bow Saw
35:50 Imperial Age
34:20 Stone Shaft Mining
33:35 Loom
34:04 Bloodlines
37:00 Tusk Swords
37:01 Double Crossbow
37:37 Heavy Plow
38:14 Conscription
38:16 Elite Ballista Elephant
39:49 Town Watch
44:44 Fishing Lines
45:41 Fletching
45:51 Padded Archer Armor
47:02 Blast Furnace
46:04 Gillnets
51:31 Hoardings
51:49 Elite Battle Elephant
61:37 Hussar
67:02 Leather Archer Armor
66:42 Bodkin Arrow
66:48 Scale Mail Armor
Azaria Lavender
15:24 Feudal Age
15:55 Horse Collar
17:43 Man-at-Arms
18:56 Man-at-Arms
19:44 Gold Mining
24:02 Castle Age
24:24 Stone Mining
25:22 Wheelbarrow
24:39 Double-Bit Axe
26:28 Bow Saw
28:48 Scale Mail Armor
28:54 Scale Barding Armor
30:32 Husbandry
33:43 Hand Cart
32:59 Long Swordsman
33:00 Pikeman
38:24 Scale Barding Armor
39:04 Fishing Lines
41:44 Chain Barding Armor
41:39 Chain Mail Armor
48:33 Arson
49:22 Heavy Plow
50:43 Gold Shaft Mining
55:40 Corvinian Army
61:37 Imperial Age
64:47 Plate Barding Armor
65:12 Halberdier
66:16 Cavalier
66:51 Capped Ram
67:53 Gillnets
69:41 Two-Man Saw
Connection lost

Rejoining the realm…

Still unreachable

The connection could not be restored.

Session expired

The server has moved on; the page needs a fresh start.